[Event "FIDE WCC 2018"]
[Site "Khanty-Mansiysk"]
[Date "2018.11.04"]
[Round "1.2"]
[White "Gara, Anita"]
[Black "Lei, Tingjie"]
[Result "1/2-1/2"]
[ECO "C50"]
[WhiteElo "2370"]
[BlackElo "2457"]
[Annotator "RC"]
[PlyCount "21"]
[EventDate "2018.11.03"]
[EventType "k.o."]
[EventCountry "RUS"]
[SourceTitle "playchess.com"]
[Source "ChessBase"]
[SourceQuality "1"]
[TimeControl "40/5400+30:1800+30"]

1. e4 e5 2. Nf3 Nc6 3. Bc4 Bc5 4. d3 Nf6 5. O-O d6 6. c3 h6 7. Re1 O-O 8. h3 a6 9. a4 Re8 10. Nbd2 Be6 11. Bxe6 1/2-1/2

[Event "FIDE WCC 2018"]
[Site "Khanty-Mansiysk"]
[Date "2018.11.04"]
[Round "1.2"]
[White "Kulkarni Bhakti"]
[Black "Pogonina, Natalija"]
[Result "1/2-1/2"]
[ECO "D31"]
[WhiteElo "2256"]
[BlackElo "2465"]
[Annotator "RC"]
[PlyCount "106"]
[EventDate "2018.11.03"]
[EventType "k.o."]
[EventCountry "RUS"]
[SourceTitle "playchess.com"]
[Source "ChessBase"]
[SourceQuality "1"]
[TimeControl "40/5400+30:1800+30"]

1. d4 d5 2. c4 e6 3. Nc3 Be7 4. cxd5 exd5 5. Bf4 Nf6 6. e3 Bf5 7. Qb3 Nc6 8. g4 Nxg4 9. Qxd5 Qxd5 10. Nxd5 Bb4+ 11. Nc3 O-O-O 12. a3 Bd6 13. Bxd6 cxd6 14. Bg2 Rhe8 15. Nge2 Nf6 16. Ng3 Bg6 17. O-O Kb8 18. b4 d5 19. Rac1 Ne7 20. Rfd1 Nf5 21. Nce2 Nxg3 22. Nxg3 Ne4 23. Bh3 Re7 24. Nf5 Bxf5 25. Bxf5 g6 26. Bh3 f5 27. Bg2 Rc7 28. Rxc7 Kxc7 29. Rc1+ Kd6 30. Rc2 Rd7 31. f3 Nf6 32. Kf2 Rc7 33. Rc5 b6 34. Rxc7 Kxc7 35. Bf1 Kd6 36. Bd3 Ke6 37. Ke2 g5 38. Kd2 h5 39. Ke1 h4 40. Kf2 Ne8 41. e4 fxe4 42. fxe4 dxe4 43. Bxe4 Nd6 44. Bf3 Nb5 45. Ke3 Nxa3 46. Ke4 Nb5 47. Bg4+ Kd6 48. Kf5 a5 49. bxa5 bxa5 50. Bd1 Nxd4+ 51. Kxg5 a4 52. Bxa4 Nf3+ 53. Kg4 Nxh2+ 1/2-1/2

[Event "FIDE WCC 2018"]
[Site "Khanty-Mansiysk"]
[Date "2018.11.10"]
[Round "3.2"]
[White "Lagno, Kateryna"]
[Black "Pogonina, Natalija"]
[Result "1/2-1/2"]
[ECO "C95"]
[WhiteElo "2556"]
[BlackElo "2465"]
[Annotator "ChessBase"]
[PlyCount "89"]
[EventDate "2018.11.03"]
[EventType "k.o."]
[EventCountry "RUS"]
[SourceTitle "playchess.com"]
[Source "ChessBase"]
[SourceQuality "1"]
[TimeControl "40/5400+30:1800+30"]

1. e4 e5 2. Nf3 Nc6 3. Bb5 a6 4. Ba4 Nf6 5. O-O Be7 6. Re1 b5 7. Bb3 d6 8. c3 O-O 9. h3 Nb8 10. d4 Nbd7 11. Nbd2 c5 12. Nf1 Re8 13. Ng3 Bf8 14. Be3 Bb7 15. d5 c4 16. Bc2 Qc7 17. Qe2 a5 18. b3 Nc5 19. bxc4 bxc4 20. Bxc5 Qxc5 21. Ba4 Red8 22. Rab1 Ba6 23. Rb2 Rab8 24. Reb1 Qc7 25. Bb5 Bxb5 26. Rxb5 g6 27. Nd2 Rxb5 28. Rxb5 Rc8 29. Ngf1 Bh6 30. Qd1 Nh5 31. Ne3 Bxe3 32. fxe3 Qa7 33. Qf3 Nf4 34. Kh2 Nd3 35. Qf6 a4 36. Rb1 a3 37. Rf1 Qd7 38. Nb1 Ra8 39. Nd2 Nb2 40. Qf2 Qe7 41. Qe2 Ra4 42. g4 Kg7 43. Kg3 h6 44. h4 Ra5 45. Nxc4 1/2-1/2

[Event "FIDE WCC 2018"]
[Site "Khanty-Mansiysk"]
[Date "2018.11.10"]
[Round "3.2"]
[White "Muzychuk, Mariya"]
[Black "Alinasab, Mobina"]
[Result "1-0"]
[ECO "D20"]
[WhiteElo "2545"]
[BlackElo "2236"]
[Annotator "ChessBase"]
[PlyCount "83"]
[EventDate "2018.11.03"]
[EventType "k.o."]
[EventCountry "RUS"]
[SourceTitle "playchess.com"]
[Source "ChessBase"]
[SourceQuality "1"]
[TimeControl "40/5400+30:1800+30"]

1. d4 d5 2. c4 dxc4 3. e4 e5 4. Nf3 exd4 5. Bxc4 Nc6 6. O-O Be6 7. Bb5 Bc5 8. b4 Bb6 9. a4 a6 10. Bxc6+ bxc6 11. a5 Ba7 12. Bb2 Qd6 13. Na3 Qxb4 14. Qc1 Ne7 15. Nc2 Qc4 16. Ncxd4 c5 17. Nxe6 Qxe6 18. Bxg7 Rg8 19. Be5 O-O-O 20. Bg3 Nc6 21. Qf4 Rd7 22. h3 f6 23. Rfd1 Re7 24. Kh2 Rgg7 25. Nh4 Rd7 26. Nf5 Rgf7 27. Ne3 Rxd1 28. Rxd1 Nxa5 29. Nd5 Bb8 30. Qe3 Ba7 31. Rb1 f5 32. Qc3 Nc6 33. Qh8+ Nd8 34. Rd1 Rd7 35. exf5 Qf7 36. Qe5 Nc6 37. Qe4 Kd8 38. Nxc7 Rxd1 39. Qxc6 Rd4 40. Ne6+ Ke7 41. Nxd4 cxd4 42. f6+ 1-0

[Event "FIDE WCC 2018"]
[Site "Khanty-Mansiysk"]
[Date "2018.11.10"]
[Round "3.2"]
[White "Stefanova, Antoaneta"]
[Black "Muzychuk, Anna"]
[Result "1-0"]
[ECO "D00"]
[WhiteElo "2490"]
[BlackElo "2564"]
[Annotator "ChessBase"]
[PlyCount "95"]
[EventDate "2018.11.03"]
[EventType "k.o."]
[EventCountry "RUS"]
[SourceTitle "playchess.com"]
[Source "ChessBase"]
[SourceQuality "1"]
[TimeControl "40/5400+30:1800+30"]

1. d4 d5 2. Bf4 Nf6 3. e3 e6 4. Nd2 c5 5. c3 Nc6 6. Ngf3 Bd6 7. Bg3 O-O 8. Bd3 b6 9. e4 Be7 10. e5 Nh5 11. a3 a5 12. Qe2 Bb7 13. h4 Nxg3 14. fxg3 h6 15. h5 Bg5 16. O-O Qe7 17. Nxg5 Qxg5 18. Rf4 cxd4 19. cxd4 f5 20. exf6 e5 21. dxe5 Qxe5 22. fxg7 Rxf4 23. gxf4 Qxg7 24. Qe6+ Kh8 25. Kh1 Rf8 26. Rf1 Rf6 27. Qe8+ Rf8 28. Qe6 Ne7 29. Qxb6 Nf5 30. Bxf5 Rxf5 31. Qg6 d4 32. Kg1 Rxh5 33. Qxg7+ Kxg7 34. b4 axb4 35. Rb1 Ra5 36. Rxb4 Bc6 37. Nc4 Ra7 38. Kf2 Bd5 39. Nb6 Bc6 40. Nc4 d3 41. g3 d2 42. Ke2 Bd5 43. a4 Bxc4+ 44. Rxc4 Rd7 45. Kd1 Rd3 46. g4 Rd5 47. Rc3 Rd4 48. Ra3 1-0

[Event "FIDE WCC 2018"]
[Site "Khanty-Mansiysk"]
[Date "2018.11.10"]
[Round "3.2"]
[White "Abdumalik, Zhansaya"]
[Black "Zawadzka, Jolanta"]
[Result "1-0"]
[ECO "C71"]
[WhiteElo "2473"]
[BlackElo "2407"]
[Annotator "ChessBase"]
[PlyCount "85"]
[EventDate "2018.11.03"]
[EventType "k.o."]
[EventCountry "RUS"]
[SourceTitle "playchess.com"]
[Source "ChessBase"]
[SourceQuality "1"]
[TimeControl "40/5400+30:1800+30"]

1. e4 e5 2. Nf3 Nc6 3. Bb5 a6 4. Ba4 d6 5. d4 b5 6. Bb3 Nxd4 7. Nxd4 exd4 8. c3 dxc3 9. O-O Be7 10. Qh5 g6 11. Qd5 Be6 12. Qc6+ Bd7 13. Qxc3 Bf6 14. Qf3 Be6 15. a4 Rb8 16. axb5 axb5 17. Rd1 Bg7 18. Bxe6 fxe6 19. Nc3 b4 20. Ne2 Qf6 21. Qb3 Ne7 22. Nf4 O-O 23. Qxe6+ Rf7 24. Ra7 Rc8 25. Qc4 c5 26. Rd7 d5 27. exd5 Qf5 28. Ra7 Bd4 29. Re1 Be5 30. Nd3 Bd6 31. Re6 Rd8 32. Ra6 Qh5 33. h4 Nf5 34. Bg5 Nd4 35. Bxd8 Qg4 36. Kf1 Bg3 37. Ra1 Qf5 38. Rf6 Rxf6 39. Bxf6 Qxf6 40. Qxc5 Bd6 41. Qc8+ Kg7 42. Ra7+ Kh6 43. Qd7 1-0

[Event "FIDE WCC 2018"]
[Site "Khanty-Mansiysk"]
[Date "2018.11.10"]
[Round "3.2"]
[White "Lei, Tingjie"]
[Black "Galliamova, Alisa"]
[Result "1/2-1/2"]
[ECO "C60"]
[WhiteElo "2457"]
[BlackElo "2432"]
[Annotator "RC"]
[PlyCount "43"]
[EventDate "2018.11.03"]
[EventType "k.o."]
[EventCountry "RUS"]
[SourceTitle "playchess.com"]
[Source "ChessBase"]
[SourceQuality "1"]
[TimeControl "40/5400+30:1800+30"]

1. e4 e5 2. Nf3 Nc6 3. Bb5 g6 4. c3 a6 5. Ba4 Bg7 6. d4 exd4 7. cxd4 b5 8. Bb3 Nge7 9. d5 Na5 10. Bd2 Nxb3 11. Qxb3 c5 12. dxc6 O-O 13. Bc3 Bxc3+ 14. Qxc3 Nxc6 15. Nbd2 Bb7 16. O-O d6 17. a4 bxa4 18. Nc4 Rc8 19. Qe3 Nb4 20. b3 Qe7 21. Rxa4 d5 22. exd5 1/2-1/2

[Event "FIDE WCC 2018"]
[Site "Khanty-Mansiysk"]
[Date "2018.11.11"]
[Round "3.4"]
[White "Lagno, Kateryna"]
[Black "Pogonina, Natalija"]
[Result "1/2-1/2"]
[ECO "C95"]
[WhiteElo "2556"]
[BlackElo "2465"]
[Annotator "ChessBase"]
[PlyCount "87"]
[EventDate "2018.11.03"]
[EventType "k.o."]
[EventCountry "RUS"]
[SourceTitle "playchess.com"]
[Source "ChessBase"]
[SourceQuality "1"]
[TimeControl "1500+10"]

1. e4 e5 2. Nf3 Nc6 3. Bb5 a6 4. Ba4 Nf6 5. O-O Be7 6. Re1 b5 7. Bb3 d6 8. c3 O-O 9. h3 Nb8 10. d4 Nbd7 11. Nbd2 c5 12. Bc2 cxd4 13. cxd4 Bb7 14. d5 a5 15. Bd3 b4 16. a3 Nc5 17. Bf1 Nfd7 18. Nc4 Nb6 19. axb4 axb4 20. Na5 Qc7 21. Bd2 f5 22. Bxb4 fxe4 23. Nxb7 Rxa1 24. Qxa1 exf3 25. Nxc5 dxc5 26. Bc3 fxg2 27. Bxg2 Bd6 28. Qd1 Qf7 29. Rf1 Nd7 30. Qg4 Re8 31. Re1 Nf6 32. Qf5 g6 33. Qf3 Qe7 34. Qe2 Nh5 35. Bd2 Qf6 36. Qf3 Qg7 37. Qg4 Qf7 38. Qf3 Nf4 39. Bxf4 exf4 40. Re4 Re5 41. Rxe5 Bxe5 42. Qe2 Qf6 43. b3 Kg7 44. Qe4 1/2-1/2

[Event "FIDE WCC 2018"]
[Site "Khanty-Mansiysk"]
[Date "2018.11.11"]
[Round "3.4"]
[White "Gunina, Valentina"]
[Black "Tokhirjonova, Gulrukhbegim"]
[Result "0-1"]
[ECO "A40"]
[WhiteElo "2497"]
[BlackElo "2435"]
[Annotator "ChessBase"]
[PlyCount "106"]
[EventDate "2018.11.03"]
[EventType "k.o."]
[EventCountry "RUS"]
[SourceTitle "playchess.com"]
[Source "ChessBase"]
[SourceQuality "1"]
[TimeControl "1500+10"]

1. d4 e6 2. c4 b6 3. a3 Bb7 4. Nc3 Nf6 5. Qc2 d5 6. cxd5 Nxd5 7. e4 Nxc3 8. bxc3 Be7 9. Nf3 O-O 10. Bd3 c5 11. h4 cxd4 12. e5 h6 13. Ng5 Qc7 14. Bd2 Qxe5+ 15. Kf1 Rd8 16. Re1 Qc7 17. Bh7+ Kf8 18. Nxf7 Qc6 19. Qg6 Qxg2+ 20. Qxg2 Bxg2+ 21. Kxg2 Kxf7 22. Be4 dxc3 23. Bxc3 Nc6 24. Bf3 Rac8 25. Bh5+ g6 26. Bg4 Rd6 27. Rh3 Rf8 28. h5 e5 29. hxg6+ Rxg6 30. f3 Bxa3 31. Kh1 Kg7 32. Bh5 Rg5 33. Bd2 Rxh5 34. Rxh5 Rxf3 35. Rg1+ Kf7 36. Rxh6 Rf6 37. Rh7+ Ke6 38. Bg5 Rg6 39. Rc7 Nd4 40. Rxa7 Nf3 41. Rg3 Rxg5 42. Rxf3 Bc5 43. Kh2 e4 44. Rh3 e3 45. Ra2 Ke5 46. Rh4 b5 47. Rc2 Bd4 48. Rc8 Bb6 49. Rb8 Bc7 50. Rb7 Bd6 51. Rh8 e2 52. Re8+ Kd4+ 53. Kh3 Re5 0-1

[Event "FIDE WCC 2018"]
[Site "Khanty-Mansiysk"]
[Date "2018.11.11"]
[Round "3.4"]
[White "Stefanova, Antoaneta"]
[Black "Muzychuk, Anna"]
[Result "0-1"]
[ECO "D00"]
[WhiteElo "2490"]
[BlackElo "2564"]
[Annotator "ChessBase"]
[PlyCount "56"]
[EventDate "2018.11.03"]
[EventType "k.o."]
[EventCountry "RUS"]
[SourceTitle "playchess.com"]
[Source "ChessBase"]
[SourceQuality "1"]
[TimeControl "1500+10"]

1. d4 d5 2. Bf4 Nf6 3. e3 Bf5 4. c4 e6 5. Nc3 Bb4 6. Qb3 Nc6 7. a3 Bxc3+ 8. bxc3 Na5 9. Qa4+ c6 10. c5 b5 11. Qd1 Ne4 12. Rc1 g5 13. Bg3 h5 14. f3 Nxg3 15. hxg3 Nc4 16. Bxc4 bxc4 17. g4 Bd3 18. gxh5 Rb8 19. Qd2 Qa5 20. e4 f6 21. e5 Qxa3 22. exf6 Rb2 23. Qxg5 Rxg2 24. f7+ Kxf7 25. Qf4+ Kg8 26. h6 Qb2 27. Qe3 Kh7 28. Qf4 Qf2+ 0-1

[Event "FIDE WCC 2018"]
[Site "Khanty-Mansiysk"]
[Date "2018.11.11"]
[Round "3.4"]
[White "Lei, Tingjie"]
[Black "Galliamova, Alisa"]
[Result "1-0"]
[ECO "A50"]
[WhiteElo "2457"]
[BlackElo "2432"]
[Annotator "ChessBase"]
[PlyCount "65"]
[EventDate "2018.11.03"]
[EventType "k.o."]
[EventCountry "RUS"]
[SourceTitle "playchess.com"]
[Source "ChessBase"]
[SourceQuality "1"]
[TimeControl "1500+10"]

1. d4 Nf6 2. c4 b6 3. Nc3 Bb7 4. f3 e6 5. e4 Be7 6. e5 Ng8 7. Be3 Bh4+ 8. g3 Bg5 9. Qd2 Bxe3 10. Qxe3 Ne7 11. Bd3 O-O 12. Nge2 d5 13. b3 c5 14. Rd1 Nbc6 15. cxd5 exd5 16. O-O a6 17. f4 Rc8 18. Bb1 Qd7 19. dxc5 bxc5 20. Na4 d4 21. Nxc5 Qh3 22. Qf2 Ba8 23. Ne4 h6 24. Qf3 Rfd8 25. g4 Qxf3 26. Rxf3 f5 27. gxf5 Nxf5 28. Nf6+ gxf6 29. Bxf5 Rb8 30. Rg3+ Kf8 31. exf6 Kf7 32. Be4 Rg8 33. Bd5+ {[%emt 0:00:03] Rh8} 1-0

[Event "FIDE WCC 2018"]
[Site "Khanty-Mansiysk"]
[Date "2018.11.11"]
[Round "3.4"]
[White "Zawadzka, Jolanta"]
[Black "Abdumalik, Zhansaya"]
[Result "1/2-1/2"]
[ECO "C44"]
[WhiteElo "2407"]
[BlackElo "2473"]
[Annotator "ChessBase"]
[PlyCount "109"]
[EventDate "2018.11.03"]
[EventType "k.o."]
[EventCountry "RUS"]
[SourceTitle "playchess.com"]
[Source "ChessBase"]
[SourceQuality "1"]
[TimeControl "1500+10"]

1. e4 e5 2. Nf3 Nc6 3. d4 exd4 4. Nxd4 Nf6 5. Nxc6 bxc6 6. Bd3 g6 7. e5 Nd5 8. O-O Bg7 9. Re1 O-O 10. c4 Nb6 11. Nc3 d6 12. exd6 cxd6 13. Bf4 Be6 14. Qb3 d5 15. c5 d4 16. Rxe6 fxe6 17. cxb6 Rxf4 18. b7 Rb8 19. Na4 Rf7 20. Ba6 Qa5 21. Qc4 Qd5 22. Qd3 Rbxb7 23. Bxb7 Rxb7 24. b3 Rf7 25. Re1 e5 26. Nb2 Qa5 27. Ra1 Qd5 28. f3 g5 29. h3 Qe6 30. Re1 Qf5 31. Qc4 h5 32. Nd3 g4 33. hxg4 hxg4 34. fxg4 Qg6 35. Nxe5 Bxe5 36. Rxe5 Qxg4 37. Re1 Qf4 38. Qe2 c5 39. Rd1 Qg5 40. Rd3 Qc1+ 41. Kh2 Rh7+ 42. Rh3 Qf4+ 43. Kg1 Rxh3 44. Qe6+ Kg7 45. gxh3 Qg3+ 46. Kf1 Qf3+ 47. Ke1 Qc3+ 48. Kf2 Qd2+ 49. Kf3 Qd1+ 50. Kf4 Qf1+ 51. Kg5 Qg2+ 52. Kh4 Qf2+ 53. Kg4 Qg2+ 54. Kh4 Qf2+ 55. Kg4 1/2-1/2